Map: [ESL] Inside and Out

Players

iGCoffeeMs (Coffee) - Winner!

  • Race: Terran Terran
  • League: Master

TIME (Oliveira)

  • Race: Terran Terran

Event: DreamHack SC2 Masters 2022 Atlanta (Online)

VOD

Have the link to the VOD?

Description

Time

  • Played on: Oct. 9, 2022, 8:30 a.m.
  • Length: 8:41

All games in this series

Show
View Real Time Build Order
Export as new Build Order

iGCoffeeMs Terran - Winner!

Build Orders: Gas First Reaper Expand, Hellion Opening 

Get SALT Encoding   

  12  0:00  SCV  
  13  0:12  SCV  
  14  0:16  Supply Depot  
  14  0:24  SCV  
  14  0:27  Refinery  
  15  0:38  SCV  
  16  0:44  Barracks  
  16  0:50  SCV  
  17  1:02  SCV  
  18  1:14  SCV  
  19  1:31  Reaper, Orbital Command  
  20  1:41  Command Center  
  20  1:51  Factory  
  20  1:56  SCV  
  21  2:04  Supply Depot  
  21  2:05  Barracks Reactor  
  21  2:09  SCV  
  21  2:14  Refinery  
  22  2:21  SCV  
  23  2:33  SCV  
  24  2:40  Starport  
  26  2:44  Hellion x2  
  26  2:45  SCV  
  29  2:51  Barracks Tech Lab  
  29  2:54  Orbital Command  
  29  2:57  SCV  
  30  3:08  Hellion  
  30  3:09  Hellion  
  30  3:11  SCV  
  30  3:12  Orbital Command  
  35  3:23  Raven  
  35  3:24  Refinery, SCV  
  38  3:33  Hellion x2  
  40  3:42  SCV  
  40  3:44  SCV  
  42  3:48  Supply Depot  
  42  3:54  SCV  
  43  3:56  SCV  
  43  4:00  Factory Tech Lab  
  43  4:01  Marine x2  
  46  4:06  SCV  
  46  4:08  SCV  
  46  4:09  Raven  
  46  4:13  Supply Depot  
  48  4:18  SCV  
  48  4:21  SCV  
  48  4:26  Command Center  
  48  4:30  SCV  
  49  4:32  Siege Tank  
  49  4:35  SCV  
  49  4:37  Marine x2  
  55  4:43  SCV  
  56  4:47  Supply Depot, SCV  
  56  4:51  Supply Depot  
  56  4:52  Raven  
  57  4:56  SCV  
  57  4:58  Marine x2  
  62  5:08  Cyclone, SCV  
  62  5:10  Supply Depot  
  66  5:15  SCV  
  66  5:18  Barracks  
  66  5:19  Barracks  
  66  5:21  SCV  
  68  5:22  Marine x2  
  68  5:28  SCV  
  71  5:33  SCV  
  71  5:39  Orbital Command  
  71  5:44  SCV  
  71  5:45  SCV  
  71  5:47  Viking x2  
  71  5:49  Siege Tank  
  80  5:53  Supply Depot, Refinery, Marine  
  80  5:54  Stimpack  
  81  5:59  SCV x2  
  81  6:04  Supply Depot  
  83  6:05  SCV  
  83  6:07  Barracks Reactor x2  
  84  6:16  SCV x2  
  84  6:17  Supply Depot, SCV, Viking x2  
  91  6:23  Siege Tank, Marine  
  95  6:26  Supply Depot  
  95  6:28  SCV x2  
  95  6:29  SCV  
  98  6:40  Engineering Bay, SCV  
  98  6:43  Engineering Bay  
  97  6:48  Marine x3  
  97  6:49  Viking x2, Marine  
  103  6:55  SCV x2  
  103  6:59  SCV, Marine  
  103  7:00  Siege Tank  
  110  7:06  Marine x2  
  110  7:07  SCV x2  
  114  7:11  SCV  
  114  7:14  Marine x2  
  117  7:17  Marine  
  117  7:19  Refinery x2  
  117  7:20  Barracks  
  117  7:21  Barracks  
  118  7:27  Marine x2  
  120  7:30  Sensor Tower  
  120  7:44  Marine x2  
  120  7:45  Siege Tank, Marine x2  
  120  7:48  Barracks  
  120  7:49  Supply Depot, Barracks  
  120  7:50  Supply Depot  
  127  7:55  Missile Turret x2  
  127  7:58  Marine  
  127  7:59  Medivac x2  
  127  8:02  Marine  
  133  8:11  Marine  
  133  8:12  Marine x3  
  137  8:16  Marine  
  138  8:20  Marine  
  138  8:26  Missile Turret  
  100  8:36  Command Center  
Show
View Real Time Build Order
Export as new Build Order

TIME Terran 

Build Orders:  

Get SALT Encoding   

  12  0:00  SCV  
  13  0:12  SCV  
  14  0:17  Supply Depot  
  14  0:24  SCV  
  15  0:31  Refinery  
  15  0:38  SCV  
  16  0:44  Barracks  
  16  0:50  SCV  
  16  0:56  Refinery  
  17  1:02  SCV  
  18  1:15  SCV  
  19  1:31  Reaper  
  19  1:32  Orbital Command  
  20  1:35  Factory  
  20  1:43  Supply Depot  
  20  1:57  SCV  
  21  2:04  Reaper  
  22  2:09  SCV  
  23  2:19  Command Center  
  24  2:23  Hellion  
  24  2:26  SCV  
  26  2:32  Supply Depot  
  26  2:36  Reaper  
  27  2:38  SCV  
  28  2:45  Hellion  
  28  2:50  Starport  
  30  2:53  SCV  
  31  3:05  SCV  
  32  3:07  Factory Tech Lab  
  32  3:08  Barracks Reactor  
  32  3:17  SCV  
  33  3:25  Refinery  
  33  3:27  Cyclone  
  33  3:28  Starport Tech Lab  
  33  3:33  Orbital Command  
  30  3:44  Marine x2  
  30  3:45  SCV  
  32  3:49  Supply Depot, Banshee  
  35  3:57  Barracks  
  35  4:05  Siege Tank  
  35  4:06  SCV  
  35  4:09  SCV  
  40  4:11  Marine  
  40  4:14  Marine  
  42  4:18  SCV  
  42  4:21  SCV  
  41  4:29  Marine  
  41  4:31  SCV  
  43  4:32  Marine  
  43  4:33  SCV  
  45  4:43  SCV, Starport Reactor  
  45  4:45  SCV  
  47  4:50  Stimpack, Marine x2  
  47  4:51  Marine  
  50  4:54  Siege Tank  
  50  4:55  SCV  
  50  4:57  SCV  
  50  4:59  Supply Depot  
  55  5:07  SCV  
  55  5:08  Marine  
  55  5:09  SCV  
  55  5:10  Marine  
  55  5:11  Marine  
  60  5:19  SCV  
  60  5:20  Medivac x2  
  65  5:21  Supply Depot, SCV  
  65  5:26  Marine  
  65  5:28  Siege Tank  
  70  5:37  Supply Depot  
  70  5:43  SCV x2, Marine x2  
  70  5:49  Marine  
  75  5:57  Barracks  
  75  5:59  Command Center  
  75  6:00  SCV  
  75  6:01  Marine  
  77  6:05  SCV  
  77  6:07  Refinery, Siege Tank  
  77  6:09  Starport Reactor  
  81  6:11  Supply Depot  
  81  6:15  Marine  
  81  6:16  Marine  
  83  6:19  SCV x2  
  85  6:27  Marine  
  85  6:31  Combat Shield  
  86  6:33  Engineering Bay x2, SCV  
  86  6:36  Marine  
  88  6:40  Marine  
  88  6:44  Marine  
  88  6:45  Siege Tank  
  88  6:46  Marine  
  91  6:47  Medivac  
  91  6:50  SCV  
  94  7:00  Supply Depot  
  94  7:10  SCV x2, Medivac, Marine x4  
  94  7:15  Marine  
  103  7:19  Siege Tank  
  103  7:22  SCV  
  107  7:24  SCV  
  107  7:28  Medivac, Marine x3  
  114  7:31  Orbital Command  
  114  7:35  Supply Depot  
  114  7:36  Marine x2  
  115  7:39  SCV  
  113  7:45  Marine  
  113  7:46  SCV  
  113  7:47  Marine x2  
  117  7:52  Supply Depot  
  117  7:57  SCV x2, Medivac, Marine  
  122  8:03  Barracks  
  118  8:08  Siege Tank  
  118  8:10  Marine  
  114  8:12  SCV  
  114  8:13  SCV  
  114  8:15  Armory  
  81  8:27  Barracks Reactor  
  81  8:33  Starport Reactor  
Tags
 
Add a new tag
Caveats
  • Supply blocks, unpowered buildings, or Contaminate may cause inaccurate times.
  • Supply counts are checked every 10 seconds.